 Dungeon Crawl Stone Soup version 0.30-a0-956-gcec3b41aec (webtiles) character file.

Game seed: 6188813184364123725

235 cheesebisquit the Chiller (level 6, -5/41 HPs)
             Began as a Merfolk Ice Elementalist on Mar 28, 2023.
             Slain by a hornet (13 damage)
             ... on level 4 of the Dungeon on Mar 29, 2023.
             The game lasted 00:14:23 (4152 turns).

cheesebisquit the Chiller (MfIE)                    Turns: 4152, Time: 00:14:23

Health: -5/41      AC:  2    Str:  9    XL:     6   Next: 5%
Magic:  7/11       EV: 12    Int: 16    God:
Gold:   153        SH:  0    Dex: 14    Spells: 5/12 levels left

rFire   . . .      SeeInvis .    n - +2 flail (holy)
rCold   . . .      Faith    .    (no shield)
rNeg    . . .      Spirit   .    a - +0 robe
rPois   .          Reflect  .    (no helmet)
rElec   .          Rampage  .    (no cloak)
rCorr   .                        (no gloves)
Will    .....                    (no boots)
Stlth   ++                       (no amulet)
HPRegen 0.26/turn                (no ring)
MPRegen 0.12/turn                (no ring)

@: lethally poisoned (-5 -> -15), freezing walls, very slightly contaminated,
hasted and slowed
A: (nimble swimmer 2), mertail
a: no special abilities


You were on level 4 of the Dungeon.
You visited 1 branch of the dungeon, and saw 4 of its levels.

You collected 195 gold pieces.
You spent 42 gold pieces at shops.

Inventory:

Hand Weapons
 n - a +2 flail of holy wrath (weapon)
Armour
 a - a +0 robe (worn)
Jewellery
 j - a ring of fire
Scrolls
 b - 2 scrolls of teleportation
 f - a scroll of poison
 g - a scroll of vulnerability {unknown}
 k - a scroll of fog {unknown}
 m - a scroll of blinking {unknown}
Potions
 e - 4 potions of brilliance
 i - a potion of flight {unknown}
 l - a potion of ambrosia {unknown}


   Skills:
 - Level 2.6 Dodging
 - Level 2.1 Stealth
 + Level 3.5 Spellcasting
 * Level 6.9 Ice Magic


You had 5 spell levels left.
You knew the following spells:

 Your Spells              Type           Power      Damage    Failure   Level
a - Freeze                Ice            96%        1d10      1%          1
x - Frozen Ramparts       Ice            48%        1d8       3%          3
z - Ozocubu's Armour      Ice            24%        N/A       3%          3

Your spell library contained the following spells:

 Spells                   Type           Power      Damage    Failure   Level
 Ensorcelled Hibernation  Hex/Ice        26%        N/A       6%          2
 Passwall                 Tmut/Erth      1%         N/A       26%         2
 Summon Ice Beast         Ice/Summ       13%        N/A       38%         4
 Swiftness                Air            2%         N/A       47%         3


Dungeon Overview and Level Annotations

Branches:
Dungeon (4/15)
 Temple: D:4-7

Altars:
Xom
Zin

Shops:
D:1 ?


Innate Abilities, Weirdness & Mutations

((You are very nimble when in or above water. (Stealth+, EV+, Speed+++)))
Your lower body shifts to a powerful aquatic tail in water.


Message History

A hornet is nearby!
Casting: Ozocubu's Armour (dangerous; 3% risk of failure)
Confirm with . or Enter, or press ? or * to list all spells.
Casting: Frozen Ramparts (dangerous; 3% risk of failure)
Press: ? - help, Dir - look around, f - activate The walls around you are covered in ice.
The hornet buzzes angrily.
The wall freezes the hornet.
Casting: Frozen Ramparts (dangerous; 3% risk of failure)
Confirm with . or Enter, or press ? or * to list all spells.
You miscast Ozocubu's Armour.
You are very lightly contaminated with residual magic.
Nothing appears to happen.
Magical energy flows into your mind!
The wall freezes the hornet.
The wall freezes the hornet but does no damage.
The hornet misses you.
You closely miss the hornet.
The hornet is lightly wounded.
The wall freezes the hornet but does no damage.
The hornet stings you!
You feel yourself slow down.
The wall freezes the hornet.
The hornet stings you!
You are poisoned.
You feel as though you will be slow longer.
Aiming: Freeze (safe; 1% risk of failure)
Press: ? - help, Q - select action, (/) - cycle Shift-Dir - straight line, f - hornet
Aim: a hornet (lightly wounded)
You freeze the hornet.
The hornet is lightly wounded.
You feel very sick.
The wall freezes the hornet but does no damage.
The hornet misses you.
The wall freezes the hornet but does no damage.
The hornet stings you.
You are lethally poisoned!
You feel as though you will be slow longer.
You feel yourself speed up.
* * * LOW HITPOINT WARNING * * *
You feel very sick.
The wall freezes the hornet.
The hornet stings you!
You die...

#.
#..######.#.##..#####
# #.##..#
#...........#####
#..#..#
###..............
#....##
#....[..###.#####
###...## #.<###.## #.#
#<....# #..# #.# #.#
#.#...# #..# #.# #.#
#+#.#.####..###.####.#
..#...y@..#........#
..##.####.#.#.######
...# .. #.#.#.# ....
.#$ #.#.#.# ....#
..#.#.#.# #.#.#.#
#.#.#.# #)#.#.# #.#.#


You could see a hornet.

Vanquished Creatures
  A hound (D:4)
  An orc priest (D:3)
  An orc wizard (D:3)
  5 adders
  A worm (D:3)
  2 dart slugs (D:1)
  8 orcs
  5 endoplasms
  3 giant cockroaches
  5 goblins
  8 hobgoblins
  9 jackals
  8 kobolds
  5 quokkas
  5 ball pythons
  6 bats
  2 frilled lizards (D:1)
  9 rats
84 creatures vanquished.

Vanquished Creatures (others)
  9 fungi (D:1)
  6 plants
15 creatures vanquished.

Grand Total: 99 creatures vanquished

Notes
Turn   | Place    | Note
-------+----------+-------------------------------------------
     0 | D:1      | cheesebisquit the Merfolk Ice Elementalist began the quest
                  | for the Orb.
     0 | D:1      | Reached XP level 1. HP: 13/13 MP: 3/3
   172 | D:1      | Found Riedawk's Magic Scroll Shop.
   333 | D:1      | Reached XP level 2. HP: 10/19 MP: 0/5
   477 | D:1      | Reached skill level 5 in Ice Magic
   612 | D:1      | Reached XP level 3. HP: 24/24 MP: 4/6
   838 | D:1      | Found a faded altar of an unknown god.
  1328 | D:1      | Bought a scroll of identify for 28 gold pieces
  2128 | D:2      | Upgraded the game from 0.30-a0-953-g5f1da4a474 to
                  | 0.30-a0-956-gcec3b41aec
  2319 | D:1      | Bought a scroll of noise for 14 gold pieces
  2384 | D:3      | Found a shimmering altar of Xom.
  2389 | D:3      | Learned a level 3 spell: Frozen Ramparts
  2393 | D:3      | Learned a level 3 spell: Ozocubu's Armour
  2420 | D:3      | Reached XP level 4. HP: 14/30 MP: 0/8
  2450 | D:3      | Reached skill level 6 in Ice Magic
  2450 | D:3      | Reached XP level 5. HP: 23/35 MP: 1/9
  3353 | D:3      | Found a glowing silver altar of Zin.
  3837 | D:4      | Noticed a hornet
  3940 | D:4      | Reached XP level 6. HP: 31/41 MP: 4/11
  4152 | D:4      | Slain by a hornet

Illustrated notes

Levels and vault maps discovered:
D:1:      nicolae_arrival_washed_ashore, layout_basic, serial_shops,
          nicolae_shop_trees, shapermc_ecumenical_altar_mp_urbaneastern,
          corexii_hall_statues_i, item_on_display_a
D:2:      layout_loops_corners
D:3:      layout_loops_cross, zin_statuary, amcnicky_altar_gilded, minivault_5
D:4:      corexii_shack_village, layout_basic, tso_metal_star,
          kennysheep_small_spiral, hellmonk_no_cap

Skill      XL: |  1  2  3  4 |
---------------+-------------+-----
Ice Magic      | 5 6 |  6.9
Spellcasting   | 3 |  3.5
Dodging        | |  2.6
Stealth        | |  2.1

Action                     |  1- 3 |  4- 6 || total
---------------------------+-------+-------++-------
  Melee: Unarmed           |    43 |       ||    43
         Punch             |     2 |       ||     2
         Whip              |    23 |    13 ||    36
         Dagger            |       |    35 ||    35
         Flail             |       |     1 ||     1
   Cast: Freeze            |    58 |     1 ||    59
         Frozen Ramparts   |     1 |    19 ||    20
         Ozocubu's Armour  |     1 |    11 ||    12
    Use: Potion            |     1 |     1 ||     2
         Scroll            |     2 |     2 ||     4
   Stab: Sleeping          |       |     4 ||     4
 Armour: Robe              |    28 |    16 ||    44
  Dodge: Dodged            |    75 |    29 ||   104

Table legend: (Time is in decaauts)
 A = Elapsed time spent in this place.
 B = Non-inter-level travel time spent in this place.
 C = Inter-level travel time spent in this place.
 D = Time resting spent in this place.
 E = Time spent auto-exploring this place.
 F = Levels seen in this place.
 G = Mean time per level.
                   A        B        C        D        E       F      G
               +--------+--------+--------+--------+--------+-----+--------+
         Total |   4146 |   3905 |    241 |      0 |   3293 |   4 | 1036.5 |
       Dungeon |   4146 |   3905 |    241 |      0 |   3293 |   4 | 1036.5 |
               +--------+--------+--------+--------+--------+-----+--------+

Top non-repeatable levels by time:
     D:3: 1546 daAuts
     D:1: 1395 daAuts
     D:2: 956 daAuts
     D:4: 249 daAuts
